 Dungeon Crawl Stone Soup version 0.29.1-2-gbd0b4ee654 (webtiles) character file.

Game seed: 4871855453662208463

1093 GorkyZ the Gusty (level 8, -2/58 HPs)
             Began as a Gnoll Air Elementalist on Nov 24, 2022.
             Was an Initiate of Gozag.
             Constricted to death by Eustachio (3 damage)
             ... on level 6 of the Dungeon.
             The game lasted 00:19:01 (5506 turns).

GorkyZ the Gusty (Gnoll Air Elementalist)           Turns: 5506, Time: 00:19:01

Health: -2/58      AC:  6    Str:  7      XL:     8   Next: 31%
Magic:  0/17       EV: 11    Int: 17      God:    Gozag
Gold:   213        SH:  0    Dex: 12 (13) Spells: 14/19 levels left

rFire   . . .      SeeInvis +   A - +0 spear
rCold   . . .      Faith    .   (no shield)
rNeg    + . .      Spirit   +   y - +1 robe {rN+}
rPois   .          Reflect  .   (no helmet)
rElec   .          Harm     .   (no cloak)
rCorr   .          Rampage  .   (no gloves)
Will    .....                   w - +2 pair of boots
Stlth   +++.......              m - amulet of guardian spirit
HPRegen 0.19/turn               d - ring of see invisible
MPRegen 0.15/turn               (no ring)

@: grasped by roots, gold aura, mesmerised, constricted
A: fangs 1, strong nose, distributed training
a: Renounce Religion, Potion Petition, Call Merchant, Bribe Branch


You were on level 6 of the Dungeon.
You worshipped Gozag.
Gozag was aware of your devotion.
You visited 2 branches of the dungeon, and saw 7 of its levels.

You collected 308 gold pieces.
You spent 11 gold pieces at shops.
You paid 84 gold pieces to Gozag.

Inventory:

Hand Weapons
 e - a +0 whip
 i - a +0 scythe
 A - a +0 spear (weapon)
 B - a +0 hand axe
Missiles
 z - 3 boomerangs
Armour
 a - a +0 robe
 t - a +0 leather armour
 w - a +2 pair of boots (worn)
 y - a +1 robe of positive energy (worn)
Jewellery
 d - a ring of see invisible (left hand)
 m - an amulet of guardian spirit (around neck)
 u - a ring of ice
Scrolls
 c - a scroll of silence {unknown}
 f - 6 scrolls of identify {unknown}
 g - a scroll of enchant armour {unknown}
 j - a scroll of summoning {unknown}
 k - a scroll of fear {unknown}
 l - 3 scrolls of vulnerability {unknown}
 n - a scroll of noise {unknown}
 q - a scroll of poison {unknown}
 r - a scroll of enchant weapon {unknown}
 s - a scroll of amnesia {unknown}
 x - a scroll of magic mapping {unknown}
Potions
 b - 2 potions of magic
 h - a potion of might {unknown}
 o - a potion of attraction {unknown}
 p - a potion of degeneration
 v - a potion of cancellation {unknown}


   Skills:
 + Level 3.3 Fighting
 + Level 3.3 Short Blades
 + Level 3.3 Long Blades
 + Level 3.3 Axes
 + Level 3.3 Maces & Flails
 + Level 3.3 Polearms
 + Level 3.3 Staves
 + Level 3.3 Ranged Weapons
 + Level 3.3 Throwing
 + Level 3.3 Armour
 + Level 5.7 Dodging
 + Level 5.4 Stealth
 + Level 3.3 Shields
 + Level 3.3 Unarmed Combat
 + Level 6.0 Spellcasting
 + Level 3.5 Conjurations
 + Level 2.6 Hexes
 + Level 2.6 Summonings
 + Level 2.6 Necromancy
 + Level 2.6 Translocations
 + Level 2.6 Transmutations
 + Level 2.6 Fire Magic
 + Level 2.6 Ice Magic
 + Level 6.1 Air Magic
 + Level 2.6 Earth Magic
 + Level 2.6 Poison Magic
 + Level 3.6 Invocations
 + Level 3.3 Evocations


You had 14 spell levels left.
You knew the following spells:

 Your Spells              Type           Power      Damage    Failure   Level
a - Shock                 Conj/Air       84%        1d8       1%          1
b - Airstrike             Air            13%        2d(2-18)  10%         4

Your spell library contained the following spells:

 Spells                   Type           Power      Damage    Failure   Level
 Static Discharge         Conj/Air       21%        3-6/arc   2%          2
 Swiftness                Air            26%        N/A       3%          3


Dungeon Overview and Level Annotations

Branches:
Dungeon (6/15)             Temple (1/1) D:4

Altars:
Ashenzari
Cheibriados
Dithmenos
Elyvilon
Fedhas
Gozag
Hepliaklqana
Kikubaaqudgha
Makhleb
Okawaru
Qazlal
Ru
Uskayaw
Vehumet
Wu Jian
Yredelemnul
Zin
The Shining One

Shops:
D:3 !

Annotations:
D:6 Eustachio, Maggie


Innate Abilities, Weirdness & Mutations

You have very sharp teeth.
Your uncanny sense of smell can sniff out nearby items.
Your experience applies equally to all skills.


Message History

You cannot move away from Maggie!
You hit Maggie but do no damage.
Maggie is moderately wounded.
The grasping roots constrict you.
The quasit bites you but does no damage.
The quasit claws you but does no damage.
The quasit completely misses you.
Maggie hits you with a +2 morningstar of flaming!!
* * * LOW HITPOINT WARNING * * *
Maggie burns you.
* * * LOW HITPOINT WARNING * * *
You cannot move away from Maggie!
Unknown command.
You cannot move away from Maggie!
Unknown command.
You cannot move away from Maggie!
You hit Maggie. Your bite misses Maggie.
Maggie is moderately wounded.
Eustachio hits you with a +0 rapier.
* * * LOW HITPOINT WARNING * * *
The grasping roots constrict you.
* * * LOW HITPOINT WARNING * * *
The quasit bites you but does no damage.
The quasit claws you.
* * * LOW HITPOINT WARNING * * *
You feel clumsy. The quasit barely misses you. Maggie closely misses you.
Eustachio gestures wildly while chanting.
Eustachio blinks!
The grasping roots constrict you.
* * * LOW HITPOINT WARNING * * *
The quasit bites you but does no damage.
The quasit claws you but does no damage.
The quasit barely misses you.
The quasit bites you but does no damage.
The quasit barely misses you. The quasit closely misses you.
You hit Maggie but do no damage.
Maggie is moderately wounded.
The grasping roots constrict you.
You die...
Your body crumbles into a pile of gold.

....#..... #... ...$....
#...## .##.......
#....### ....$....#
<.......##
.....!...##.##......#
.....$...##.##.....#
......ยง@.##.##.....##
......5@.##.##......#
...#..5..@......<...#
#..###..........##
....###......###..#
.....##.......#....### $
..............#......#
..!...#.......#.....####
.)...##............#...#
...#.........##.......


You could see Maggie (mesmerising), Eustachio (fast) and 2 quasits.

Vanquished Creatures
  Sigmund (D:2)
  A water moccasin (D:5)
  An ogre (D:5)
  A phantom (D:5)
  3 scorpions (D:4)
  An orc priest (D:4)
  2 hounds
  3 orc wizards (D:5)
  An iguana (D:5)
  15 adders
  5 gnolls
  A shadow imp (D:5)
  3 ufetubi
  3 dart slugs
  17 orcs
  6 endoplasms
  2 giant cockroaches
  6 goblins
  5 hobgoblins
  4 quokkas
  10 ball pythons
  4 bats
  2 frilled lizards
  5 kobolds
  7 rats
109 creatures vanquished.

Notes
Turn   | Place    | Note
-------+----------+-------------------------------------------
     0 | D:1      | GorkyZ the Gnoll Air Elementalist began the quest for the
                  | Orb.
     0 | D:1      | Reached XP level 1. HP: 13/13 MP: 6/6
   153 | D:1      | Reached XP level 2. HP: 20/20 MP: 0/7
   321 | D:1      | Found a faded altar of an unknown god.
   542 | D:1      | Reached skill level 5 in Spellcasting
   542 | D:1      | Reached XP level 3. HP: 25/25 MP: 4/9
  1099 | D:2      | Noticed Sigmund
  1143 | D:2      | Killed Sigmund
  1144 | D:2      | Reached skill level 1 in Fighting
  1144 | D:2      | Reached skill level 1 in Short Blades
  1144 | D:2      | Reached skill level 1 in Long Blades
  1144 | D:2      | Reached skill level 1 in Axes
  1144 | D:2      | Reached skill level 1 in Maces & Flails
  1144 | D:2      | Reached skill level 1 in Polearms
  1144 | D:2      | Reached skill level 1 in Staves
  1144 | D:2      | Reached skill level 1 in Ranged Weapons
  1144 | D:2      | Reached skill level 1 in Throwing
  1144 | D:2      | Reached skill level 1 in Armour
  1144 | D:2      | Reached skill level 1 in Shields
  1144 | D:2      | Reached skill level 1 in Unarmed Combat
  1144 | D:2      | Reached skill level 1 in Hexes
  1144 | D:2      | Reached skill level 1 in Summonings
  1144 | D:2      | Reached skill level 1 in Necromancy
  1144 | D:2      | Reached skill level 1 in Translocations
  1144 | D:2      | Reached skill level 1 in Transmutations
  1144 | D:2      | Reached skill level 1 in Fire Magic
  1144 | D:2      | Reached skill level 1 in Ice Magic
  1144 | D:2      | Reached skill level 1 in Earth Magic
  1144 | D:2      | Reached skill level 1 in Poison Magic
  1144 | D:2      | Reached skill level 1 in Invocations
  1144 | D:2      | Reached skill level 1 in Evocations
  1144 | D:2      | Reached XP level 4. HP: 20/32 MP: 4/11
  1144 | D:2      | Reached XP level 5. HP: 23/37 MP: 4/12
  1641 | D:2      | Reached XP level 6. HP: 44/44 MP: 10/13
  1986 | D:2      | Reached skill level 5 in Dodging
  2156 | D:2      | Learned a level 4 spell: Airstrike
  2418 | D:3      | Found Jedwes's Distillery.
  2423 | D:3      | Bought a potion of degeneration for 11 gold pieces
  3136 | D:4      | Reached XP level 7. HP: 50/50 MP: 10/15
  3203 | D:4      | HP: 2/51 [poisoned by a scorpion]
  3634 | D:4      | Reached skill level 5 in Stealth
  4225 | D:4      | Found a staircase to the Ecumenical Temple.
  4288 | D:5      | Entered Level 5 of the Dungeon
  4288 | D:5      | Found a blossoming altar of Fedhas.
  4605 | D:5      | Reached XP level 8. HP: 54/58 MP: 11/16
  5267 | Temple   | Entered the Ecumenical Temple
  5275 | Temple   | Became a worshipper of Gozag Ym Sagoz the Greedy
  5494 | D:6      | Noticed Maggie
  5497 | D:6      | Noticed Eustachio
  5505 | D:6      | HP: 1/58 [constriction (2)]
  5506 | D:6      | Constricted to death by Eustachio

Illustrated notes

Levels and vault maps discovered:
D:1:      lemuel_arrival_room, layout_loops_ring,
          nicolae_ecumenical_snake_handling
D:2:      layout_rooms, minmay_snake_closets, uniq_sigmund
D:3:      layout_basic, serial_shops, shop, hex_large
D:4:      layout_basic, minmay_temple_entry_from_below_a
D:5:      layout_cave_pools, mainiacjoe_overflow_tiny_flanked,
          minmay_fountain_box, minmay_strange_pillars
D:6:      layout_cave_pools, uniq_maggie, uniq_eustachio, uniq_duvessa,
          uniq_edmund
Temple:   sentei_temple_godly_chess

Skill      XL: |  1  2  3  4  5  6  7  8 |
---------------+-------------------------+-----
Conjurations   | 2 3 |  3.5
Spellcasting   | 5 6 |  6.0
Fighting       | 1 2 3 |  3.3
Short Blades   | 1 2 3 |  3.3
Long Blades    | 1 2 3 |  3.3
Axes           | 1 2 3 |  3.3
Maces & Flails | 1 2 3 |  3.3
Polearms       | 1 2 3 |  3.3
Staves         | 1 2 3 |  3.3
Ranged Weapons | 1 2 3 |  3.3
Throwing       | 1 2 3 |  3.3
Armour         | 1 2 3 |  3.3
Shields        | 1 2 3 |  3.3
Unarmed Combat | 1 2 3 |  3.3
Hexes          | 1 2 |  2.6
Summonings     | 1 2 |  2.6
Necromancy     | 1 2 |  2.6
Translocations | 1 2 |  2.6
Transmutations | 1 2 |  2.6
Fire Magic     | 1 2 |  2.6
Ice Magic      | 1 2 |  2.6
Earth Magic    | 1 2 |  2.6
Poison Magic   | 1 2 |  2.6
Invocations    | 1 2 3 |  3.6
Evocations     | 1 2 3 |  3.3
Dodging        | 5 |  5.7
Stealth        | 5 |  5.4
Air Magic      | 6 |  6.1

Action                   |  1- 3 |  4- 6 |  7- 9 || total
-------------------------+-------+-------+-------++-------
Melee: Whip              |    12 |       |       ||    12
       Halberd           |       |    10 |    65 ||    75
       Bite              |       |       |     7 ||     7
       Spear             |       |       |    14 ||    14
 Cast: Shock             |    36 |    98 |   115 ||   249
       Airstrike         |       |       |     1 ||     1
Armor: Robe              |     5 |     1 |    39 ||    45
Dodge: Dodged            |    10 |    19 |    80 ||   109
